Sewer Rats vs Remparts
(R1)
Created - November 4, 2017 at 19:39
Goals
|
Sewer Rats |
1 |
1 |
1 |
3 |
Remparts |
1 |
0 |
0 |
1 |
|
Shots
|
Sewer Rats |
14 |
4 |
4 |
22 |
Remparts |
10 |
6 |
12 |
28 |
|
1st period
1. Sewer Rats , Matt Lashoff 2 (Mark Mancari 9, Kyle Turris 13) at 12:16 (PP)
2. Remparts , Guillaume Desbiens 7 (Alex Galchenyuk 7) at 14:21 (PP)
Penalties :
Daniel Carr (Tol) for Holding (Minor) at 2:49, Griffin Reinhart (Que) for Interference (Minor) at 11:59, Mattias Ekholm (Tol) for Boarding (Minor) at 13:53, Mark Mancari (Tol) for Hooking (Minor) at 14:08, Guillaume Desbiens (Que) for Hooking (Minor) at 17:05
2nd period
3. Sewer Rats , Daniel Carr 4 (Dmitrij Jaskin 2, William Karlsson 2) at 16:15
Penalties :
Erik Gustafsson (Que) for High sticking (Minor) at 5:29, Martin Frk (Tol) for High sticking (Minor) at 8:54, Johannes Salmonsson (Que) for Tripping (Minor) at 17:39
3rd period
4. Sewer Rats , Kyle Turris 7 (Ville Leino 10) at 1:06 (PP)
Penalties :
Guillaume Desbiens (Que) for Hooking (Minor) at 0:49, Vincent Trocheck (Tol) for Hooking (Minor) at 2:29, Mattias Ekholm (Tol) for Hooking (Minor) at 9:38, Griffin Reinhart (Que) for Roughing (Minor) at 13:25
Goalie Stats
Richard Bachman (Tol), 27 saves from 28 shots - (0.964), W, 2-2-0, 60:00 minutes
Tyler Plante (Que), 19 saves from 22 shots - (0.864), L, 3-4-1, 60:00 minutes
Players Stats for Sewer Rats
Player Name G A P +/- PIM S H SB GA TA FO MP PP MP PK MP
------------------------------------------------------------------------------------
Connor Carrick 0 0 0 1 0 0 1 0 0 0 0/0 4:49 0:00 0:00
Daniel Carr 1 0 1 1 2 1 1 0 0 0 1/1 7:26 0:00 0:00
Dmitrij Jaskin 0 1 1 1 0 0 2 0 1 0 0/1 7:12 0:00 0:00
Jared Boll 0 0 0 0 0 3 1 1 0 0 1/1 14:58 3:58 0:00
Jarred Tinordi 0 0 0 0 0 0 1 0 1 0 0/0 19:29 3:47 4:01
Joel Edmundson 0 0 0 0 0 1 0 0 0 0 0/0 7:49 0:00 0:00
John Ramage 0 0 0 0 0 1 0 0 0 0 0/0 10:21 0:00 2:19
Jonathan Huberdeau 0 0 0 0 0 0 1 0 0 0 0/0 11:34 0:05 1:02
Jonathan Marchessault 0 0 0 0 0 1 4 0 1 0 4/12 14:48 3:58 0:00
Kyle Turris 1 1 2 0 0 4 3 0 0 0 15/27 20:02 4:27 3:05
Mark Mancari 0 1 1 0 2 2 0 0 0 2 4/8 21:42 4:27 4:39
Martin Frk 0 0 0 0 2 0 1 0 0 0 0/0 9:08 0:00 0:00
Matt Lashoff 1 0 1 0 0 1 1 2 0 1 0/0 27:38 4:43 5:54
Mattias Ekholm 0 0 0 0 4 1 4 2 0 0 0/0 25:34 4:43 3:52
Nick Cousins 0 0 0 0 0 0 0 0 0 0 0/0 1:18 0:05 0:00
Ryan Murphy 0 0 0 1 0 0 0 0 0 0 0/0 5:02 0:00 0:13
Steven Kampfer 0 0 0 0 0 1 1 0 0 0 0/0 19:29 3:47 4:01
Ville Leino 0 1 1 0 0 1 2 1 0 1 3/4 22:51 4:32 5:49
Vincent Trocheck 0 0 0 0 2 2 1 0 1 0 4/7 12:15 0:00 1:38
William Karlsson 0 1 1 1 0 1 0 0 0 0 1/3 8:00 0:00 0:48
Zach Boychuk 0 0 0 0 0 2 1 1 0 0 1/1 18:06 3:58 3:05
Players Stats for Remparts
Player Name G A P +/- PIM S H SB GA TA FO MP PP MP PK MP
------------------------------------------------------------------------------------
Alex Galchenyuk 0 1 1 -1 0 2 1 0 0 0 1/3 20:55 5:17 1:37
Cédric Lalonde-McNicoll 0 0 0 0 0 1 0 0 0 2 2/8 16:05 4:49 2:04
Chris Mueller 0 0 0 0 0 2 0 1 0 0 8/11 9:25 0:00 0:00
Cody Ceci 0 0 0 -1 0 2 1 0 0 0 0/0 23:27 0:18 5:02
Dale Weise 0 0 0 0 0 1 0 0 0 0 0/0 10:43 0:26 0:00
Daniel Paille 0 0 0 0 0 1 2 0 0 0 0/0 12:04 0:30 0:44
Erik Gustafsson 0 0 0 0 2 0 1 1 0 0 0/0 10:17 0:00 0:05
Griffin Reinhart 0 0 0 0 4 3 1 1 0 0 0/0 17:43 4:10 0:00
Guillaume Desbiens 1 0 1 -1 4 5 3 0 1 0 0/1 20:29 5:28 1:13
Johannes Salmonsson 0 0 0 0 2 4 0 0 0 1 0/0 14:47 0:00 3:42
Kris Russell 0 0 0 0 0 1 3 0 0 0 0/0 17:17 4:10 3:23
Matt Halischuk 0 0 0 0 0 0 0 0 1 0 0/0 5:20 1:38 0:00
Max Reinhart 0 0 0 0 0 0 1 0 0 0 7/12 14:02 0:43 4:39
Mika Zibanejad 0 0 0 -1 0 1 1 0 0 0 12/29 21:10 5:18 0:57
Mike Weber 0 0 0 -1 0 3 1 1 0 1 0/0 29:20 5:42 5:07
Pasi Salonen 0 0 0 0 0 1 1 1 1 0 0/0 13:33 4:44 2:04
Petr Straka 0 0 0 0 0 1 0 0 0 0 1/1 11:59 1:37 0:00
Ty Wishart 0 0 0 0 0 0 1 3 1 0 0/0 22:48 6:00 3:23
3 Stars
1 - Kyle Turris (Tol)
2 - Richard Bachman (Tol)
3 - Matt Lashoff (Tol)
Power Play
Sewer Rats - 2 on 6 Attempt(s) - 33.33%
Remparts - 1 on 6 Attempt(s) - 16.67%
Penalty Kill
Sewer Rats - 5 on 6 Attempt(s) - 83.33%
- Score 0 goal in Penalty Kill
Remparts - 4 on 6 Attempt(s) - 66.67%
- Score 0 goal in Penalty Kill
Team Stat
Sewer Rats - Hits : 25 - Faceoff Wins : 34 - Blocked Shots : 7 - Penalty Minutes : 12
Remparts - Hits : 17 - Faceoff Wins : 31 - Blocked Shots : 8 - Penalty Minutes : 12
Official
Referees : Marouelli Dan and Rooney Chris
Linesman : Tim Nowak and Tony Sericolo
Game Notes
Matt Halischuk is injured at 4:17 of 2nd period (Sprained Left Ankle)
Finance
Level 1 -- Attendance: 1578 (78.90%) -- Ticket Income $47,340
Level 2 -- Attendance: 682 (68.20%) -- Ticket Income $13,640
Total Attendance: 2260 (75.33%)
Total Ticket Income: $60,980
Other Income: $3,049
Total Income: $64,029
Sewer Rats
5 vs 5 Forward
Center Left Wing Right Wing Time % Phy DF OF
1 Kyle Turris Ville Leino Mark Mancari 35 1 2 2
2 Jonathan Marchessault Zach Boychuk Jared Boll 30 1 2 2
3 Vincent Trocheck Jonathan Huberdeau Martin Frk 20 1 2 2
4 William Karlsson Daniel Carr Dmitrij Jaskin 15 1 2 2
5 vs 5 Defense
Defense Defense Time % Phy DF OF
1 Matt Lashoff Mattias Ekholm 40 1 2 2
2 Steven Kampfer Jarred Tinordi 30 1 2 2
3 Joel Edmundson John Ramage 20 1 2 2
4 Ryan Murphy Connor Carrick 10 1 2 2
PowerPlay Forward
Center Left Wing Right Wing Time % Phy DF OF
1 Kyle Turris Ville Leino Mark Mancari 60 1 2 2
2 Jonathan Marchessault Zach Boychuk Jared Boll 40 1 2 2
PowerPlay Defense
Defense Defense Time % Phy DF OF
1 Matt Lashoff Mattias Ekholm 60 1 2 2
2 Steven Kampfer Jarred Tinordi 40 1 2 2
Penalty Kill 4 Players Forward
Center Wing Time % Phy DF OF
1 Mark Mancari Ville Leino 60 1 2 2
2 Kyle Turris Zach Boychuk 40 1 2 2
Penalty Kill 4 Players Defense
Defense Defense Time % Phy DF OF
1 Matt Lashoff Mattias Ekholm 60 1 2 2
2 Steven Kampfer Jarred Tinordi 40 1 2 2
Penalty Kill - 3 Players Forward
Forward Time % Phy DF OF
1 Mark Mancari 60 1 2 2
2 Ville Leino 40 1 2 2
Penalty Kill - 3 Players Defense
Defense Defense Time % Phy DF OF
1 Matt Lashoff Mattias Ekholm 60 1 2 2
2 Steven Kampfer Jarred Tinordi 40 1 2 2
4 vs 4 Forward
Center Wing Time % Phy DF OF
1 Mark Mancari Ville Leino 60 1 2 2
2 Kyle Turris Zach Boychuk 40 1 2 2
4 vs 4 Defense
Defense Defense Time % Phy DF OF
1 Matt Lashoff Mattias Ekholm 60 1 2 2
2 Steven Kampfer Jarred Tinordi 40 1 2 2
Last Minutes Offensive
Center Left Wing Right Wing Defense Defense
Kyle Turris Ville Leino Mark Mancari Matt Lashoff Mattias Ekholm
Last Minutes Defensive
Center Left Wing Right Wing Defense Defense
Kyle Turris Ville Leino Mark Mancari Matt Lashoff Mattias Ekholm
Goaltenders
Starting : Richard Bachman
Backup : Marek Mazanek
Extra Forwards
Normal : Nick Cousins, Jonathan Huberdeau, Vincent Trocheck - PP : Nick Cousins, Jonathan Huberdeau - PK : Vincent Trocheck
Extra Defensemen
Normal : Joel Edmundson, John Ramage, Ryan Murphy - PP : Joel Edmundson - PK : John Ramage, Ryan Murphy
Penalty Shots
Mark Mancari, Ville Leino, Kyle Turris, Zach Boychuk, Jared Boll
Scratches
Josh Archibald (Healthy), Xavier Ouellet (Healthy), Jonathan Racine (Healthy), Joseph Blandisi (Healthy), Chris Calhan (Healthy)
Tom Sestito (Healthy)
Remparts
5 vs 5 Forward
Center Left Wing Right Wing Time % Phy DF OF
1 Mika Zibanejad Alex Galchenyuk Guillaume Desbiens 40 0 2 3
2 Cédric Lalonde-McNicoll Daniel Paille Matt Halischuk 30 0 2 3
3 Max Reinhart Pasi Salonen Petr Straka 20 0 3 2
4 Chris Mueller Johannes Salmonsson Dale Weise 10 1 2 2
5 vs 5 Defense
Defense Defense Time % Phy DF OF
1 Mike Weber Cody Ceci 40 0 2 3
2 Ty Wishart Griffin Reinhart 30 0 2 3
3 Kris Russell Erik Gustafsson 20 0 3 2
4 Mike Weber Cody Ceci 10 1 2 2
PowerPlay Forward
Center Left Wing Right Wing Time % Phy DF OF
1 Mika Zibanejad Alex Galchenyuk Guillaume Desbiens 60 0 1 4
2 Cédric Lalonde-McNicoll Pasi Salonen Matt Halischuk 40 0 1 4
PowerPlay Defense
Defense Defense Time % Phy DF OF
1 Mike Weber Ty Wishart 60 0 2 3
2 Kris Russell Griffin Reinhart 40 0 2 3
Penalty Kill 4 Players Forward
Center Wing Time % Phy DF OF
1 Max Reinhart Johannes Salmonsson 60 1 3 1
2 Cédric Lalonde-McNicoll Pasi Salonen 40 1 3 1
Penalty Kill 4 Players Defense
Defense Defense Time % Phy DF OF
1 Cody Ceci Mike Weber 60 1 3 1
2 Kris Russell Ty Wishart 40 1 3 1
Penalty Kill - 3 Players Forward
Forward Time % Phy DF OF
1 Max Reinhart 60 1 3 1
2 Cédric Lalonde-McNicoll 40 1 3 1
Penalty Kill - 3 Players Defense
Defense Defense Time % Phy DF OF
1 Cody Ceci Mike Weber 60 1 3 1
2 Ty Wishart Kris Russell 40 1 3 1
4 vs 4 Forward
Center Wing Time % Phy DF OF
1 Mika Zibanejad Alex Galchenyuk 60 0 2 3
2 Cédric Lalonde-McNicoll Guillaume Desbiens 40 0 2 3
4 vs 4 Defense
Defense Defense Time % Phy DF OF
1 Mike Weber Ty Wishart 60 1 2 2
2 Kris Russell Cody Ceci 40 1 2 2
Last Minutes Offensive
Center Left Wing Right Wing Defense Defense
Mika Zibanejad Alex Galchenyuk Guillaume Desbiens Mike Weber Ty Wishart
Last Minutes Defensive
Center Left Wing Right Wing Defense Defense
Max Reinhart Johannes Salmonsson Matt Halischuk Cody Ceci Mike Weber
Goaltenders
Starting : Tyler Plante
Backup : Igor Bobkov
Extra Forwards
Normal : Mika Zibanejad, Alex Galchenyuk, Petr Straka - PP : Mika Zibanejad, Alex Galchenyuk - PK : Guillaume Desbiens
Extra Defensemen
Normal : Ty Wishart, Cody Ceci, Griffin Reinhart - PP : Kris Russell - PK : Griffin Reinhart, Cody Ceci
Penalty Shots
Alex Galchenyuk, Pasi Salonen, Matt Halischuk, Cédric Lalonde-McNicoll, Petr Straka
Scratches
Michael Paliotta (Healthy), Anton Zlobin (Healthy), Mitchell Heard (Healthy), Matt Halischuk (Sprained Left Ankle Injury), Tim Bozon (Healthy)
François Brassard (Healthy)
% Time on Ice - Sewer Rats
Lines # - Real PCT - Wanted PCT - Time Play
Normal Forward
1 - 32% - 35% - 13:09
2 - 29% - 30% - 11:51
3 - 22% - 20% - 9:08
4 - 17% - 15% - 7:12
Normal Defense
1 - 41% - 40% - 17:01
2 - 28% - 30% - 11:41
3 - 19% - 20% - 7:49
4 - 12% - 10% - 4:49
PP Forward
1 - 53% - 60% - 4:32
2 - 47% - 40% - 3:58
PP Defense
1 - 55% - 60% - 4:43
2 - 45% - 40% - 3:47
PK Forward
1 - 69% - 60% - 6:52
2 - 31% - 40% - 3:05
PK Defense
1 - 60% - 60% - 5:56
2 - 40% - 40% - 4:01
PK3 Forward
1 - 100% - 60% - 0:13
2 - 0% - 40% - 0:00
PK3 Defense
1 - 100% - 60% - 0:13
2 - 0% - 40% - 0:00
44 Forward
1 - 0% - 60%
2 - 0% - 40%
44 Defense
1 - 0% - 60%
2 - 0% - 40%
Last Minute Offensive - 0:00
Last Minute Defensive - 0:00
Total
Forward - 60:00
Defense - 60:00
|
% Time on Ice - Remparts
Lines # - Real PCT - Wanted PCT - Time Play
Normal Forward
1 - 32% - 40% - 13:15
2 - 30% - 30% - 12:19
3 - 16% - 20% - 6:31
4 - 22% - 10% - 9:15
Normal Defense
1 - 44% - 40% - 18:00
2 - 32% - 30% - 13:14
3 - 23% - 20% - 9:22
4 - 2% - 10% - 0:44
PP Forward
1 - 39% - 60% - 3:55
2 - 61% - 40% - 6:15
PP Defense
1 - 59% - 60% - 6:00
2 - 41% - 40% - 4:10
PK Forward
1 - 76% - 60% - 6:26
2 - 24% - 40% - 2:04
PK Defense
1 - 60% - 60% - 5:07
2 - 40% - 40% - 3:23
PK3 Forward
1 - 0% - 60%
2 - 0% - 40%
PK3 Defense
1 - 0% - 60%
2 - 0% - 40%
44 Forward
1 - 0% - 60%
2 - 0% - 40%
44 Defense
1 - 0% - 60%
2 - 0% - 40%
Last Minute Offensive - 0:00
Last Minute Defensive - 0:00
Total
Forward - 60:00
Defense - 60:00
|
Play by Play
1st period
0:01 of 1st period - Mika Zibanejad wins face-off versus Kyle Turris in neutral zone.
0:20 of 1st period - Cody Ceci is hit by Kyle Turris and loses puck.
0:33 of 1st period - Mattias Ekholm is hit by Cody Ceci and loses puck.
0:40 of 1st period - Snap shot by Daniel Paille.
0:40 of 1st period - Shot Blocked by Matt Lashoff.
1:19 of 1st period - Snap shot by Dmitrij Jaskin.
1:19 of 1st period - Shot Misses the Net.
1:21 of 1st period - Slapshot by Joel Edmundson.
1:21 of 1st period - Stopped by Tyler Plante without a rebound.
1:22 of 1st period - Mika Zibanejad wins face-off versus Kyle Turris in Remparts zone.
2:09 of 1st period - Wrist shot by Zach Boychuk.
2:09 of 1st period - Shot Misses the Net.
2:11 of 1st period - Wrist shot by Vincent Trocheck.
2:11 of 1st period - Stopped by Tyler Plante with a rebound.
2:13 of 1st period - Slapshot by John Ramage.
2:13 of 1st period - Stopped by Tyler Plante with a rebound.
2:15 of 1st period - Snap shot by Jonathan Huberdeau.
2:15 of 1st period - Shot Misses the Net.
2:49 of 1st period - Minor Penalty to Daniel Carr for Holding.
2:50 of 1st period - Mark Mancari wins face-off versus Mika Zibanejad in Sewer Rats zone.
2:56 of 1st period - Icing by Alex Galchenyuk.
2:57 of 1st period - Mark Mancari wins face-off versus Mika Zibanejad in Remparts zone.
3:10 of 1st period - Snap shot by Guillaume Desbiens.
3:10 of 1st period - Stopped by Richard Bachman with a rebound.
3:12 of 1st period - Backhand shot by Guillaume Desbiens.
3:12 of 1st period - Stopped by Richard Bachman with a rebound.
3:32 of 1st period - Snap shot by Pasi Salonen.
3:32 of 1st period - Shot Misses the Net.
4:49 of 1st period - Penalty to Daniel Carr is over, Daniel Carr is back on ice.
4:55 of 1st period - Icing by Mark Mancari.
4:56 of 1st period - Chris Mueller wins face-off versus Mark Mancari in Sewer Rats zone.
5:01 of 1st period - Wrist shot by Chris Mueller.
5:01 of 1st period - Stopped by Richard Bachman with a rebound.
5:03 of 1st period - Slapshot by Griffin Reinhart.
5:03 of 1st period - Deflect By Johannes Salmonsson.
5:03 of 1st period - Shot Blocked by Matt Lashoff.
5:03 of 1st period - Puck is out of play.
5:04 of 1st period - Chris Mueller wins face-off versus Jonathan Marchessault in Sewer Rats zone.
5:19 of 1st period - Snap shot by Johannes Salmonsson.
5:19 of 1st period - Stopped by Richard Bachman without a rebound.
5:20 of 1st period - Mika Zibanejad wins face-off versus Kyle Turris in Sewer Rats zone.
5:52 of 1st period - Pasi Salonen is hit by Mattias Ekholm and loses puck.
6:49 of 1st period - Kris Russell is hit by Connor Carrick and loses puck.
7:07 of 1st period - Off-side.
7:08 of 1st period - Vincent Trocheck wins face-off versus Max Reinhart in neutral zone.
7:52 of 1st period - Mike Weber is hit by Dmitrij Jaskin and loses puck.
8:19 of 1st period - Slapshot by Pasi Salonen.
8:19 of 1st period - Stopped by Richard Bachman with a rebound.
8:21 of 1st period - Slapshot by Kris Russell.
8:21 of 1st period - Stopped by Richard Bachman with a rebound.
8:31 of 1st period - Kris Russell is hit by Steven Kampfer and loses puck.
8:55 of 1st period - Wrist shot by Alex Galchenyuk.
8:55 of 1st period - Shot Misses the Net.
8:57 of 1st period - Wrist shot by Mika Zibanejad.
8:57 of 1st period - Stopped by Richard Bachman with a rebound.
8:59 of 1st period - Slapshot by Griffin Reinhart.
8:59 of 1st period - Stopped by Richard Bachman without a rebound.
9:00 of 1st period - Cédric Lalonde-McNicoll wins face-off versus Jonathan Marchessault in Sewer Rats zone.
10:06 of 1st period - Off-side.
10:07 of 1st period - Chris Mueller wins face-off versus William Karlsson in neutral zone.
10:22 of 1st period - Wrist shot by Chris Mueller.
10:22 of 1st period - Shot Misses the Net.
10:32 of 1st period - Kris Russell is hit by Jonathan Marchessault and loses puck.
10:41 of 1st period - Snap shot by Jared Boll.
10:41 of 1st period - Deflect By Jonathan Marchessault.
10:41 of 1st period - Stopped by Tyler Plante without a rebound.
10:42 of 1st period - Kyle Turris wins face-off versus Cédric Lalonde-McNicoll in Remparts zone.
10:43 of 1st period - Backhand shot by Ville Leino.
10:43 of 1st period - Shot Misses the Net.
10:49 of 1st period - Wrist shot by Kyle Turris.
10:49 of 1st period - Stopped by Tyler Plante with a rebound.
10:57 of 1st period - Wrist shot by Ville Leino.
10:57 of 1st period - Deflect By Mike Weber.
10:57 of 1st period - Stopped by Tyler Plante without a rebound.
10:58 of 1st period - Jared Boll wins face-off versus Mika Zibanejad in Remparts zone.
11:05 of 1st period - Wrist shot by Jared Boll.
11:05 of 1st period - Stopped by Tyler Plante with a rebound.
11:07 of 1st period - Slapshot by Mattias Ekholm.
11:07 of 1st period - Stopped by Tyler Plante without a rebound.
11:08 of 1st period - Jonathan Marchessault wins face-off versus Mika Zibanejad in Remparts zone.
11:39 of 1st period - Snap shot by Zach Boychuk.
11:39 of 1st period - Stopped by Tyler Plante with a rebound.
11:51 of 1st period - Wrist shot by Jared Boll.
11:51 of 1st period - Stopped by Tyler Plante without a rebound.
11:52 of 1st period - Kyle Turris wins face-off versus Cédric Lalonde-McNicoll in Remparts zone.
11:57 of 1st period - Snap shot by Mark Mancari.
11:57 of 1st period - Shot Misses the Net.
11:59 of 1st period - Minor Penalty to Griffin Reinhart for Interference.
12:00 of 1st period - Ville Leino wins face-off versus Max Reinhart in Remparts zone.
12:16 of 1st period - Slapshot by Matt Lashoff.
12:16 of 1st period - Goal by Matt Lashoff - Sewer Rats : 1 - Remparts : 0.
12:17 of 1st period - Kyle Turris wins face-off versus Cédric Lalonde-McNicoll in neutral zone.
13:20 of 1st period - Off-side.
13:21 of 1st period - Chris Mueller wins face-off versus William Karlsson in neutral zone.
13:23 of 1st period - Off-side.
13:24 of 1st period - Chris Mueller wins face-off versus Dmitrij Jaskin in neutral zone.
13:51 of 1st period - Snap shot by Mike Weber.
13:51 of 1st period - Shot Misses the Net.
13:53 of 1st period - Minor Penalty to Mattias Ekholm for Boarding.
13:54 of 1st period - Mika Zibanejad wins face-off versus Mark Mancari in Sewer Rats zone.
14:08 of 1st period - Minor Penalty to Mark Mancari for Hooking.
14:09 of 1st period - Vincent Trocheck wins face-off versus Mika Zibanejad in Sewer Rats zone.
14:21 of 1st period - Wrist shot by Guillaume Desbiens.
14:21 of 1st period - Goal by Guillaume Desbiens - Sewer Rats : 1 - Remparts : 1.
14:22 of 1st period - Vincent Trocheck wins face-off versus Mika Zibanejad in neutral zone.
14:34 of 1st period - Off-side.
14:35 of 1st period - Mika Zibanejad wins face-off versus Vincent Trocheck in neutral zone.
15:50 of 1st period - Guillaume Desbiens is hit by Mattias Ekholm and loses puck.
16:08 of 1st period - Penalty to Mark Mancari is over, Mark Mancari is back on ice.
16:14 of 1st period - Icing by Mark Mancari.
16:15 of 1st period - Chris Mueller wins face-off versus Jonathan Marchessault in Sewer Rats zone.
16:16 of 1st period - Wrist shot by Johannes Salmonsson.
16:16 of 1st period - Stopped by Richard Bachman with a rebound.
16:46 of 1st period - Snap shot by Daniel Carr.
16:46 of 1st period - Deflect By William Karlsson.
16:46 of 1st period - Stopped by Tyler Plante with a rebound.
16:48 of 1st period - Snap shot by Steven Kampfer.
16:48 of 1st period - Deflect By Pasi Salonen.
16:48 of 1st period - Stopped by Tyler Plante without a rebound.
16:49 of 1st period - Kyle Turris wins face-off versus Mika Zibanejad in Remparts zone.
17:05 of 1st period - Minor Penalty to Guillaume Desbiens for Hooking.
17:06 of 1st period - Kyle Turris wins face-off versus Max Reinhart in Remparts zone.
17:06 of 1st period - Wrist shot by Mark Mancari.
17:06 of 1st period - Stopped by Tyler Plante without a rebound.
17:07 of 1st period - Max Reinhart wins face-off versus Kyle Turris in Remparts zone.
17:20 of 1st period - Snap shot by Ville Leino.
17:20 of 1st period - Shot Blocked by Mike Weber.
17:22 of 1st period - Slapshot by Mattias Ekholm.
17:22 of 1st period - Shot Misses the Net.
17:38 of 1st period - Slapshot by Matt Lashoff.
17:38 of 1st period - Shot Misses the Net.
19:05 of 1st period - Penalty to Guillaume Desbiens is over, Guillaume Desbiens is back on ice.
19:37 of 1st period - Vincent Trocheck is hit by Kris Russell and loses puck.
19:54 of 1st period - William Karlsson is hit by Pasi Salonen and loses puck.
Goals for this period are 1 for Sewer Rats vs 1 for Remparts.
Shots for this period are 14 for Sewer Rats vs 10 for Remparts.
2nd period
0:01 of 2nd period - Ville Leino wins face-off versus Mika Zibanejad in neutral zone.
0:04 of 2nd period - Guillaume Desbiens is hit by Ville Leino and loses puck.
0:10 of 2nd period - Off-side.
0:11 of 2nd period - Kyle Turris wins face-off versus Guillaume Desbiens in neutral zone.
0:59 of 2nd period - Snap shot by Mike Weber.
0:59 of 2nd period - Stopped by Richard Bachman without a rebound.
1:00 of 2nd period - Vincent Trocheck wins face-off versus Chris Mueller in Sewer Rats zone.
1:05 of 2nd period - Ty Wishart is hit by Matt Lashoff and loses puck.
1:26 of 2nd period - Wrist shot by Vincent Trocheck.
1:26 of 2nd period - Shot Blocked by Ty Wishart.
1:28 of 2nd period - Slapshot by Jarred Tinordi.
1:28 of 2nd period - Shot Misses the Net.
1:30 of 2nd period - Wrist shot by Vincent Trocheck.
1:30 of 2nd period - Shot Misses the Net.
1:32 of 2nd period - Slapshot by Steven Kampfer.
1:32 of 2nd period - Deflect By Vincent Trocheck.
1:32 of 2nd period - Stopped by Tyler Plante with a rebound.
1:36 of 2nd period - Wrist shot by Jonathan Huberdeau.
1:36 of 2nd period - Shot Misses the Net.
1:41 of 2nd period - Icing by Griffin Reinhart.
1:42 of 2nd period - Ville Leino wins face-off versus Chris Mueller in Remparts zone.
1:49 of 2nd period - Wrist shot by Ville Leino.
1:49 of 2nd period - Shot Blocked by Ty Wishart.
1:55 of 2nd period - Wrist shot by Ty Wishart.
1:55 of 2nd period - Shot Blocked by Ville Leino.
1:57 of 2nd period - Snap shot by Johannes Salmonsson.
1:57 of 2nd period - Stopped by Richard Bachman with a rebound.
1:59 of 2nd period - Slapshot by Griffin Reinhart.
1:59 of 2nd period - Shot Blocked by Mattias Ekholm.
2:01 of 2nd period - Slapshot by Griffin Reinhart.
2:01 of 2nd period - Stopped by Richard Bachman with a rebound.
2:11 of 2nd period - Snap shot by Johannes Salmonsson.
2:11 of 2nd period - Shot Blocked by Mattias Ekholm.
2:13 of 2nd period - Snap shot by Dale Weise.
2:13 of 2nd period - Stopped by Richard Bachman without a rebound.
2:14 of 2nd period - Jonathan Marchessault wins face-off versus Mika Zibanejad in Sewer Rats zone.
2:14 of 2nd period - Jonathan Marchessault is hit by Guillaume Desbiens.
2:21 of 2nd period - Off-side.
2:22 of 2nd period - Jonathan Marchessault wins face-off versus Mika Zibanejad in neutral zone.
2:32 of 2nd period - Off-side.
2:33 of 2nd period - Mika Zibanejad wins face-off versus Ville Leino in neutral zone.
3:25 of 2nd period - Pasi Salonen is hit by Jonathan Huberdeau and loses puck.
3:50 of 2nd period - Snap shot by Chris Mueller.
3:50 of 2nd period - Stopped by Richard Bachman without a rebound.
3:51 of 2nd period - Alex Galchenyuk wins face-off versus Kyle Turris in Sewer Rats zone.
4:16 of 2nd period - Matt Halischuk is hit by Mattias Ekholm and loses puck.
4:17 of 2nd period - Matt Halischuk from Remparts is injured at 4:17 of 2nd period (Sprained Left Ankle).
4:18 of 2nd period - Mika Zibanejad wins face-off versus Kyle Turris in Remparts zone.
5:03 of 2nd period - Mattias Ekholm is hit by Griffin Reinhart and loses puck.
5:12 of 2nd period - Slapshot by Kris Russell.
5:12 of 2nd period - Shot Misses the Net.
5:29 of 2nd period - Minor Penalty to Erik Gustafsson for High sticking.
5:30 of 2nd period - Max Reinhart wins face-off versus Kyle Turris in Remparts zone.
6:20 of 2nd period - Icing by Kyle Turris.
6:21 of 2nd period - Max Reinhart wins face-off versus Kyle Turris in Sewer Rats zone.
6:52 of 2nd period - Mike Weber is hit by Zach Boychuk.
7:13 of 2nd period - Kris Russell is hit by Jonathan Marchessault and loses puck.
7:21 of 2nd period - Icing by Jarred Tinordi.
7:22 of 2nd period - Max Reinhart wins face-off versus Jonathan Marchessault in Sewer Rats zone.
7:29 of 2nd period - Penalty to Erik Gustafsson is over, Erik Gustafsson is back on ice.
8:12 of 2nd period - Mattias Ekholm is hit by Mike Weber and loses puck.
8:31 of 2nd period - Guillaume Desbiens is hit by Kyle Turris and loses puck.
8:36 of 2nd period - Snap shot by Kyle Turris.
8:36 of 2nd period - Shot Misses the Net.
8:54 of 2nd period - Minor Penalty to Martin Frk for High sticking.
8:55 of 2nd period - Mark Mancari wins face-off versus Mika Zibanejad in Sewer Rats zone.
8:55 of 2nd period - Mark Mancari is hit by Kris Russell.
9:24 of 2nd period - Off-side.
9:25 of 2nd period - Kyle Turris wins face-off versus Cédric Lalonde-McNicoll in neutral zone.
9:30 of 2nd period - Snap shot by Zach Boychuk.
9:30 of 2nd period - Stopped by Tyler Plante with a rebound.
9:53 of 2nd period - Kris Russell is hit by Ville Leino and loses puck.
10:10 of 2nd period - Jarred Tinordi is hit by Alex Galchenyuk and loses puck.
10:31 of 2nd period - Kyle Turris is hit by Max Reinhart and loses puck.
10:54 of 2nd period - Penalty to Martin Frk is over, Martin Frk is back on ice.
11:23 of 2nd period - Off-side.
11:24 of 2nd period - Petr Straka wins face-off versus Jonathan Marchessault in neutral zone.
11:50 of 2nd period - Mark Mancari is hit by Erik Gustafsson and loses puck.
12:58 of 2nd period - Slapshot by Matt Lashoff.
12:58 of 2nd period - Shot Blocked by Pasi Salonen.
13:22 of 2nd period - Cédric Lalonde-McNicoll is hit by Jonathan Marchessault and loses puck.
13:29 of 2nd period - Snap shot by Jared Boll.
13:29 of 2nd period - Stopped by Tyler Plante without a rebound.
13:30 of 2nd period - Max Reinhart wins face-off versus Vincent Trocheck in Remparts zone.
13:56 of 2nd period - Slapshot by Kyle Turris.
13:56 of 2nd period - Shot Blocked by Ty Wishart.
14:04 of 2nd period - Snap shot by Guillaume Desbiens.
14:04 of 2nd period - Stopped by Richard Bachman with a rebound.
14:22 of 2nd period - Jonathan Marchessault is hit by Guillaume Desbiens and loses puck.
15:35 of 2nd period - Snap shot by Pasi Salonen.
15:35 of 2nd period - Shot Blocked by Zach Boychuk.
15:41 of 2nd period - Cody Ceci is hit by Jonathan Marchessault and loses puck.
16:11 of 2nd period - Icing by Cody Ceci.
16:12 of 2nd period - William Karlsson wins face-off versus Alex Galchenyuk in Remparts zone.
16:15 of 2nd period - Slapshot by Daniel Carr.
16:15 of 2nd period - Goal by Daniel Carr - Sewer Rats : 2 - Remparts : 1.
16:16 of 2nd period - Kyle Turris wins face-off versus Mika Zibanejad in neutral zone.
16:41 of 2nd period - Zach Boychuk is hit by Daniel Paille and loses puck.
17:39 of 2nd period - Minor Penalty to Johannes Salmonsson for Tripping.
17:40 of 2nd period - Kyle Turris wins face-off versus Max Reinhart in Remparts zone.
19:38 of 2nd period - Mattias Ekholm is hit by Kris Russell and loses puck.
19:39 of 2nd period - Penalty to Johannes Salmonsson is over, Johannes Salmonsson is back on ice.
Goals for this period are 1 for Sewer Rats vs 0 for Remparts.
Shots for this period are 4 for Sewer Rats vs 6 for Remparts.
3rd period
0:01 of 3rd period - Mika Zibanejad wins face-off versus Kyle Turris in neutral zone.
0:10 of 3rd period - Wrist shot by Alex Galchenyuk.
0:10 of 3rd period - Stopped by Richard Bachman without a rebound.
0:11 of 3rd period - Mika Zibanejad wins face-off versus Kyle Turris in Sewer Rats zone.
0:19 of 3rd period - Icing by Kyle Turris.
0:20 of 3rd period - Kyle Turris wins face-off versus Mika Zibanejad in Sewer Rats zone.
0:29 of 3rd period - Snap shot by Guillaume Desbiens.
0:29 of 3rd period - Shot Misses the Net.
0:31 of 3rd period - Slapshot by Mike Weber.
0:31 of 3rd period - Stopped by Richard Bachman without a rebound.
0:32 of 3rd period - Kyle Turris wins face-off versus Alex Galchenyuk in Sewer Rats zone.
0:32 of 3rd period - Kyle Turris is hit by Mika Zibanejad.
0:49 of 3rd period - Minor Penalty to Guillaume Desbiens for Hooking.
0:50 of 3rd period - Kyle Turris wins face-off versus Max Reinhart in Remparts zone.
0:52 of 3rd period - Snap shot by Kyle Turris.
0:52 of 3rd period - Stopped by Tyler Plante with a rebound.
0:54 of 3rd period - Snap shot by Kyle Turris.
0:54 of 3rd period - Stopped by Tyler Plante without a rebound.
0:55 of 3rd period - Max Reinhart wins face-off versus Kyle Turris in Remparts zone.
1:06 of 3rd period - Snap shot by Kyle Turris.
1:06 of 3rd period - Goal by Kyle Turris - Sewer Rats : 3 - Remparts : 1.
1:07 of 3rd period - Mika Zibanejad wins face-off versus Jonathan Marchessault in neutral zone.
1:14 of 3rd period - Wrist shot by Alex Galchenyuk.
1:14 of 3rd period - Stopped by Richard Bachman without a rebound.
1:15 of 3rd period - Jonathan Marchessault wins face-off versus Mika Zibanejad in Sewer Rats zone.
1:19 of 3rd period - Off-side.
1:20 of 3rd period - Mika Zibanejad wins face-off versus Mark Mancari in neutral zone.
1:45 of 3rd period - Alex Galchenyuk is hit by Martin Frk and loses puck.
2:29 of 3rd period - Minor Penalty to Vincent Trocheck for Hooking.
2:30 of 3rd period - Mark Mancari wins face-off versus Cédric Lalonde-McNicoll in Sewer Rats zone.
2:30 of 3rd period - Mark Mancari is hit by Ty Wishart.
2:45 of 3rd period - Snap shot by Ville Leino.
2:45 of 3rd period - Shot Misses the Net.
3:37 of 3rd period - Wrist shot by William Karlsson.
3:37 of 3rd period - Shot Blocked by Griffin Reinhart.
3:59 of 3rd period - Petr Straka is hit by Kyle Turris and loses puck.
4:29 of 3rd period - Penalty to Vincent Trocheck is over, Vincent Trocheck is back on ice.
4:45 of 3rd period - Slapshot by Jonathan Marchessault.
4:45 of 3rd period - Shot Misses the Net.
4:47 of 3rd period - Snap shot by Jonathan Marchessault.
4:47 of 3rd period - Shot Blocked by Erik Gustafsson.
5:24 of 3rd period - Mike Weber is hit by Daniel Carr.
5:35 of 3rd period - Off-side.
5:36 of 3rd period - Chris Mueller wins face-off versus Jonathan Marchessault in neutral zone.
5:41 of 3rd period - Alex Galchenyuk is hit by Jarred Tinordi and loses puck.
5:50 of 3rd period - Wrist shot by Jonathan Marchessault.
5:50 of 3rd period - Shot Misses the Net.
5:52 of 3rd period - Snap shot by Jared Boll.
5:52 of 3rd period - Shot Misses the Net.
6:10 of 3rd period - Slapshot by Mark Mancari.
6:10 of 3rd period - Deflect By Petr Straka.
6:10 of 3rd period - Stopped by Tyler Plante without a rebound.
6:11 of 3rd period - Kyle Turris wins face-off versus Cédric Lalonde-McNicoll in Remparts zone.
6:36 of 3rd period - Kris Russell is hit by Mattias Ekholm and loses puck.
7:06 of 3rd period - Slapshot by Mike Weber.
7:06 of 3rd period - Stopped by Richard Bachman without a rebound.
7:07 of 3rd period - Kyle Turris wins face-off versus Mika Zibanejad in Sewer Rats zone.
7:53 of 3rd period - Off-side.
7:54 of 3rd period - Chris Mueller wins face-off versus Vincent Trocheck in neutral zone.
7:54 of 3rd period - Johannes Salmonsson is hit by Vincent Trocheck and loses puck.
8:41 of 3rd period - Snap shot by Daniel Paille.
8:41 of 3rd period - Stopped by Richard Bachman without a rebound.
8:42 of 3rd period - Cédric Lalonde-McNicoll wins face-off versus Jonathan Marchessault in Sewer Rats zone.
8:45 of 3rd period - Snap shot by Daniel Paille.
8:45 of 3rd period - Shot Misses the Net.
8:47 of 3rd period - Slapshot by Cody Ceci.
8:47 of 3rd period - Stopped by Richard Bachman with a rebound.
8:49 of 3rd period - Slapshot by Mike Weber.
8:49 of 3rd period - Shot Blocked by Jared Boll.
8:51 of 3rd period - Wrist shot by Cédric Lalonde-McNicoll.
8:51 of 3rd period - Stopped by Richard Bachman with a rebound.
8:53 of 3rd period - Slapshot by Cody Ceci.
8:53 of 3rd period - Deflect By Steven Kampfer.
8:53 of 3rd period - Stopped by Richard Bachman with a rebound.
8:55 of 3rd period - Snap shot by Petr Straka.
8:55 of 3rd period - Stopped by Richard Bachman without a rebound.
8:56 of 3rd period - Kyle Turris wins face-off versus Mika Zibanejad in Sewer Rats zone.
9:26 of 3rd period - Slapshot by Griffin Reinhart.
9:26 of 3rd period - Stopped by Richard Bachman with a rebound.
9:38 of 3rd period - Minor Penalty to Mattias Ekholm for Hooking.
9:39 of 3rd period - Mika Zibanejad wins face-off versus Mark Mancari in Sewer Rats zone.
9:40 of 3rd period - Snap shot by Guillaume Desbiens.
9:40 of 3rd period - Stopped by Richard Bachman with a rebound.
10:34 of 3rd period - Icing by Guillaume Desbiens.
10:35 of 3rd period - Zach Boychuk wins face-off versus Mika Zibanejad in Remparts zone.
11:38 of 3rd period - Penalty to Mattias Ekholm is over, Mattias Ekholm is back on ice.
11:50 of 3rd period - Snap shot by Johannes Salmonsson.
11:50 of 3rd period - Stopped by Richard Bachman without a rebound.
11:51 of 3rd period - Daniel Carr wins face-off versus Chris Mueller in Sewer Rats zone.
11:58 of 3rd period - Dale Weise is hit by Dmitrij Jaskin and loses puck.
12:17 of 3rd period - Steven Kampfer is hit by Daniel Paille and loses puck.
12:55 of 3rd period - Snap shot by Guillaume Desbiens.
12:55 of 3rd period - Shot Misses the Net.
13:11 of 3rd period - Snap shot by Dmitrij Jaskin.
13:11 of 3rd period - Shot Blocked by Chris Mueller.
13:25 of 3rd period - Minor Penalty to Griffin Reinhart for Roughing.
13:26 of 3rd period - Max Reinhart wins face-off versus Kyle Turris in Remparts zone.
15:25 of 3rd period - Penalty to Griffin Reinhart is over, Griffin Reinhart is back on ice.
16:28 of 3rd period - Jonathan Marchessault is hit by Guillaume Desbiens.
17:47 of 3rd period - Wrist shot by Jonathan Huberdeau.
17:47 of 3rd period - Shot Misses the Net.
18:22 of 3rd period - Dale Weise is hit by Jared Boll and loses puck.
Goals for this period are 1 for Sewer Rats vs 0 for Remparts.
Shots for this period are 4 for Sewer Rats vs 12 for Remparts.
Back to the Top